 Dungeon Crawl Stone Soup version 0.28.0-53-g5a82cb258f (webtiles) character file.

Game seed: 4605179394915010249

965 Peloso the Covered (level 7, 0/61 HPs)
             Began as a Minotaur Fighter on June 11, 2022.
             Killed by divine providence
             ... invoked by an orc priest
              (15 damage)
             ... on level 5 of the Dungeon.
             The game lasted 00:09:01 (5531 turns).

Peloso the Covered (Minotaur Fighter)               Turns: 5531, Time: 00:09:03

Health: 0/61       AC:  7    Str: 21    XL:     7   Next: 93%
Magic:  6/6        EV: 10    Int:  5    God:
Gold:   89         SH:  5    Dex: 11    Spells: 6/6 levels left

rFire   . . .      SeeInvis .   a - +0 falchion (holy)
rCold   . . .      Faith    .   c - +0 buckler
rNeg    . . .      Spirit   .   b - +0 scale mail
rPois   .          Reflect  .   (helmet restricted)
rElec   .          Harm     .   (no cloak)
rCorr   .          Rampage  .   (no gloves)
Will    .....                   (no boots)
Stlth   ..........              (no amulet)
HPRegen 0.20/turn               (no ring)
MPRegen 0.10/turn               (no ring)

@: no status effects
A: horns 2, retaliatory headbutt
a: no special abilities


You were on level 5 of the Dungeon.
You visited 1 branch of the dungeon, and saw 5 of its levels.

You collected 89 gold pieces.

Inventory:

Hand Weapons
 a - a +0 falchion of holy wrath (weapon)
Armour
 b - a +0 scale mail (worn)
 c - a +0 buckler (worn)
Jewellery
 o - a ring of poison resistance
Wands
 s - a wand of flame (24)
Scrolls
 e - 2 scrolls of teleportation
 f - 2 scrolls of vulnerability {unknown}
 g - 3 scrolls of fog {unknown}
 j - a scroll of acquirement {unknown}
 q - a scroll of torment {unknown}
Potions
 d - 2 potions of might
 h - 3 potions of magic
 i - 5 potions of curing
 k - a potion of heal wounds
 m - a potion of flight
 r - a potion of cancellation {unknown}
Miscellaneous
 p - a condenser vane


   Skills:
 + Level 5.4 Fighting
 + Level 6.9 Long Blades
 + Level 7.0 Armour
 + Level 2.5 Dodging
 + Level 1.0 Stealth
 + Level 4.9 Shields


You had 6 spell levels left.
You didn't know any spells.
Your spell library was empty.

Dungeon Overview and Level Annotations

Branches:
Dungeon (5/15)
 Temple: D:4-7

Altars:
The Shining One

Shops:
D:1 :   D:2 =


Innate Abilities, Weirdness & Mutations

You have a pair of horns on your head.
You reflexively headbutt those who attack you in melee.


Message History

The orc priest looks encouraged for a moment.
The orc hits you with a +0 short sword.
An orc priest comes into view. It is wielding a +0 dagger.
The orc priest shouts!
You hit the orc. Your headbutt misses the orc.
The orc is heavily wounded.
The orc priest looks satisfied for a moment.
The orc hits you with a +0 short sword.
You hear a shout!
You hit the orc. Your headbutt misses the orc.
The orc is almost dead.
The orc priest invokes the aid of Beogh against you.
Beogh smites you! The orc priest hits you with a +0 club.
An orc comes into view. It is wielding a +0 flail.
You barely miss the orc.
The orc is almost dead.
You block the orc's attack. The orc priest closely misses you.
The orc priest looks satisfied for a moment.
Unknown command.
You hit the orc.
You kill the orc!
The orc priest barely misses you.
The orc priest mumbles some strange prayers to Beogh against you.
Beogh smites you!
Unknown command.
You hit the orc priest but do no damage.
The orc priest hits you but does no damage.
You hit the orc priest but do no damage.
Your headbutt misses the orc priest. The orc priest closely misses you.
You barely miss the orc priest. Your headbutt misses the orc priest.
The orc priest miscasts a cantrip.
The orc priest hits you with a +0 club.
You barely miss the orc priest.
The orc priest mumbles some strange prayers to Beogh against you.
Beogh smites you!
* * * LOW HITPOINT WARNING * * *
The orc priest mumbles some strange prayers to Beogh against you.
Beogh smites you!
You die...

### #.. #.# #.# #.# #.#
#.# ### #.# #.# #.###
#.# #.# # ....#####.#
#.####.###
..#.......#####..o......
...######.......@oo#
..## #######).#.# ...#
#..# .. ..## #..# ##
...# #.)# #.## #..# ....
#..# ....# #..# ###.#


You could see 2 orc priests and an orc.

Vanquished Creatures
  Pikel (D:4)
  An ogre (D:4)
  4 lemures
  A jelly (D:4)
  2 orc priests (D:3)
  A bullfrog skeleton (D:4)
  An iguana (D:3)
  Ijyb (D:4)
  An orc wizard (D:3)
  Natasha (thrice) (D:2)
  4 adders
  An ufetubus (D:4)
  An adder skeleton (D:4)
  2 worms (D:3)
  2 dart slugs
  9 orcs
  7 ball pythons
  6 endoplasms
  3 giant cockroaches
  7 goblins
  8 hobgoblins
  8 jackals
  6 kobolds
  4 quokkas
  5 bats
  8 frilled lizards
  10 rats
107 creatures vanquished.

Notes
Turn   | Place    | Note
-------+----------+-------------------------------------------
     0 | D:1      | Peloso the Minotaur Fighter began the quest for the Orb.
     0 | D:1      | Reached XP level 1. HP: 19/19 MP: 0/0
   220 | D:1      | Reached XP level 2. HP: 27/27 MP: 1/1
   560 | D:1      | Reached skill level 4 in Armour
   661 | D:1      | Found Bodavvo's Book Shoppe.
   873 | D:2      | Found Waphec's Jewellery Shoppe.
   897 | D:2      | Reached XP level 3. HP: 32/33 MP: 2/2
   978 | D:2      | Noticed a floating eye
   980 | D:2      | Found a faded altar of an unknown god.
   981 | D:2      | Noticed a shining eye
   981 | D:2      | Noticed a floating eye
   981 | D:2      | Noticed an eye of devastation
  1034 | D:2      | Noticed Natasha
  1041 | D:2      | Killed Natasha
  1311 | D:2      | Noticed Natasha
  1324 | D:2      | HP: 1/33 [Natasha (4)]
  1325 | D:2      | Killed Natasha
  1326 | D:2      | Reached XP level 4. HP: 1/40 MP: 3/3
  1731 | D:2      | Noticed Natasha
  1740 | D:2      | Killed Natasha
  2110 | D:3      | Reached skill level 1 in Dodging
  2457 | D:3      | Reached skill level 5 in Armour
  2457 | D:3      | Reached XP level 5. HP: 44/47 MP: 4/4
  2745 | D:3      | HP: 2/47 [orc priest/divine providence (15)]
  3169 | D:3      | Reached skill level 5 in Long Blades
  3169 | D:3      | Reached XP level 6. HP: 26/53 MP: 5/5
  4048 | D:4      | Found a glowing golden altar of the Shining One.
  4120 | D:4      | Noticed Pikel
  4415 | D:4      | Killed Pikel
  4416 | D:4      | Reached skill level 5 in Fighting
  4416 | D:4      | Reached skill level 6 in Armour
  4416 | D:4      | Reached skill level 1 in Stealth
  4416 | D:4      | Reached XP level 7. HP: 13/61 MP: 6/6
  4719 | D:4      | Noticed Ijyb
  4738 | D:4      | Killed Ijyb
  5261 | D:4      | Reached skill level 7 in Armour
  5486 | D:5      | Entered Level 5 of the Dungeon
  5487 | D:5      | Identified the +0 leather armour of the Stone Wall {rPois
                  | Slay+3}
  5531 | D:5      | Killed from afar by an orc priest

Illustrated notes

Levels and vault maps discovered:
D:1:      minmay_arrival_stair_chambers, layout_basic, serial_shops,
          nicolae_shop_waterfront
D:2:      layout_loops_ring, hellmonk_ecumenical_altar_watching_god,
          serial_shops, nicolae_shop_stone, minmay_misc_feat_roman,
          hangedman_decor_clover_reticule, uniq_natasha
D:3:      minmay_octagon_keep, layout_basic
D:4:      layout_layer_cave, nicolae_tso_carved_into_rock,
          hangedman_decor_riveting, minmay_door_square, supply_closet_lemuel,
          uniq_pikel, uniq_ijyb
D:5:      layout_loops_ring, minmay_temple_entry_poolview,
          gammafunk_ghost_nasty_kobolds, st_stairs_4, uniq_duvessa

Skill      XL: |  1  2  3  4  5  6  7 |
---------------+----------------------+-----
Fighting       | 4 5 |  5.4
Armour         | 4 5 6 7 |  7.0
Shields        | 4 |  4.9
Long Blades    | 3 5 6 |  6.9
Dodging        | 1 2 |  2.5
Stealth        | 1 |  1.0

Action                   |  1- 3 |  4- 6 |  7- 9 || total
-------------------------+-------+-------+-------++-------
Melee: Long sword        |    79 |    66 |       ||   145
       Headbutt          |    14 |    29 |     8 ||    51
       Falchion          |       |    89 |    40 ||   129
  Use: Potion            |       |     1 |       ||     1
       Scroll            |       |       |     6 ||     6
Armor: Scale mail        |    43 |    50 |    15 ||   108
Dodge: Dodged            |    35 |    64 |    16 ||   115
Block: Buckler           |    16 |    33 |     8 ||    57
